 Dungeon Crawl Stone Soup version 0.20.1-1-g8b1a95d (webtiles) character file.

259 Gargoyl the Skirmisher (level 5, -2/47 HPs)
             Began as a Minotaur Abyssal Knight on Oct 5, 2017.
             Was a Priest of Lugonu.
             Slain by an ogre
             ... wielding a +0 giant spiked club
              (9 damage)
             ... on level 4 of the Dungeon.
             The game lasted 00:05:43 (3248 turns).

Gargoyl the Skirmisher (Minotaur Abyssal Knight)    Turns: 3248, Time: 00:05:45

Health: -2/47      AC: 12    Str: 17    XL:     5   Next: 94%
Magic:  6/6        EV:  7    Int:  9    God:    Lugonu [***...]
Gold:   170        SH:  0    Dex: 10    Spells: 4/4 levels left

rFire    . . .     SeeInvis .   b - +2 hand axe (chop)
rCold    . . .     Gourm    .   (no shield)
rNeg     . . .     Faith    .   k - +1 chain mail {MR+}
rPois    .         Spirit   .   (helmet restricted)
rElec    .         Reflect  .   (no cloak)
rCorr    .         Harm     .   g - +1 pair of gloves
MR       +....                  (no boots)
Stlth    ..........             (no amulet)
Regen    0.2/turn               d - ring of flight
MPRegen  0.1/turn               (no ring)

@: no status effects
A: retaliatory headbutt, horns 2
a: Depart the Abyss, Bend Space, Banish, Renounce Religion, Evoke Flight


You were on level 4 of the Dungeon.
You worshipped Lugonu.
Lugonu was most pleased with you.
You were not hungry.

You visited 1 branch of the dungeon, and saw 4 of its levels.
You visited the Abyss 1 time.

You collected 170 gold pieces.

Inventory:

Hand Weapons
 b - a +2 hand axe of chopping (weapon)
 f - a +0 war axe
Armour
 g - a +1 pair of gloves (worn)
 k - a +1 chain mail of magic resistance (worn)
Jewellery
 d - a ring of flight (left hand)
 m - a cursed amulet of inaccuracy {unknown}
Wands
 e - a wand of clouds (5/9)
 j - a wand of polymorph (18/24)
Scrolls
 h - a scroll of remove curse
 l - a scroll of teleportation
 p - a scroll of amnesia
Potions
 a - a potion of degeneration {unknown}
 i - a potion of mutation {unknown}
 q - a potion of heal wounds {unknown}
Comestibles
 c - 3 bread rations
 n - 4 chunks of flesh
 o - a meat ration
 r - a royal jelly


   Skills:
 + Level 4.7 Fighting
 + Level 4.7 Axes
 * Level 4.2 Armour
 + Level 1.9 Dodging
 * Level 2.9 Invocations


You had 4 spell levels left.
You didn't know any spells.

Dungeon Overview and Level Annotations

Branches:
Dungeon (4/15)             Temple (0/1) D:4

Altars:
Ashenzari
Cheibriados
The Shining One


Innate Abilities, Weirdness & Mutations

You reflexively headbutt those who attack you in melee.
You have a pair of horns on your head.


Message History

You closely miss the ball python. The ogre barely misses you.
You furiously retaliate!
You headbutt the ogre, but do no damage.
The ball python bites you but does no damage.
The ball python constricts you.
You hit the ogre.
The ogre is almost dead.
You hit the ball python. The ball python bites you.
The ball python constricts you.
The ogre hits you with a giant spiked club!!
* * * LOW HITPOINT WARNING * * *
Unknown command.
You closely miss the ogre.
You headbutt the ogre, but do no damage.
The ogre is almost dead.
You hit the ball python but do no damage.
The ball python bites you but does no damage.
The ball python constricts you. The ball python loses its grip on you.
The ogre hits you with a giant spiked club!
You die...

#. ##............
#.###.8>8#####..##
#.##..#..# #..#
#.##....## #..#
#.##.#.## #..#
#....#.# #..#
#..###.# ##.#
..#####..###.# #.#
....lSO@.....#
.#.###W#(#####
.....). .###.#..##
#.#$#.#.##
#.###.#..
.........#
.#.###.#.#


You could see a phantom, an ogre, a ball python and a frilled lizard.

Vanquished Creatures
  A bullfrog skeleton (D:4)
  An orc priest (D:3)
  The ghost of matthes123 the Poker, a weakling MiGl (D:3)
  4 gnolls (D:3)
  5 adders
  An adder skeleton (D:4)
  2 worms (D:2)
  2 dart slugs
  11 orcs (D:3)
  A ball python (D:1)
  8 giant cockroaches
  7 goblins
  7 hobgoblins
  3 jackals (D:2)
  2 quokkas
  7 bats
  A frilled lizard (D:1)
  7 kobolds
  7 rats
78 creatures vanquished.

Notes
Turn   | Place    | Note
-------+----------+-------------------------------------------
     0 | Abyss:1  | Gargoyl the Minotaur Abyssal Knight began the quest for the Orb.
     0 | Abyss:1  | Reached XP level 1. HP: 19/19 MP: 1/1
   105 | Abyss:3  | Noticed a golden eye
   105 | D:1      | Escaped the Abyss
   303 | D:1      | Reached * piety under Lugonu
   506 | D:1      | Reached XP level 2. HP: 27/27 MP: 2/2
  1123 | D:2      | Reached XP level 3. HP: 29/33 MP: 3/3
  1211 | D:2      | Found a glowing golden altar of the Shining One.
  1446 | D:2      | Found a shattered altar of Ashenzari.
  1629 | D:2      | Reached ** piety under Lugonu
  1630 | D:2      | Reached XP level 4. HP: 35/41 MP: 4/4
  2061 | D:3      | Noticed matthes123's ghost (weakling MiGl)
  2432 | D:3      | Reached XP level 5. HP: 40/47 MP: 5/5
  2814 | D:3      | Reached *** piety under Lugonu
  3023 | D:3      | Killed matthes123's ghost
  3129 | D:4      | Found a staircase to the Ecumenical Temple.
  3179 | D:4      | Found a snail-covered altar of Cheibriados.
  3241 | D:4      | Noticed an ogre
  3243 | D:4      | Noticed a phantom
  3248 | D:4      | Slain by an ogre

Skill      XL: |  1  2  3  4  5 |
---------------+----------------+-----
Fighting       | 4 |  4.7
Invocations    | 2 |  2.9
Axes           | 3 4 |  4.7
Armour         | 3 4 |  4.2
Dodging        | |  1.9

Action                   |  1- 3 |  4- 6 || total
-------------------------+-------+-------++-------
Melee: War axe           |    59 |    44 ||   103
       Headbutt          |     5 |    13 ||    18
       Hand axe          |       |    56 ||    56
Invok: Depart the Abyss  |     1 |       ||     1
  Use: Scroll            |       |     9 ||     9
  Eat: Chunk             |     2 |     5 ||     7
Armor: Leather armour    |    17 |    15 ||    32
       Chain mail        |       |    33 ||    33
Dodge: Dodged            |    81 |    65 ||   146
